Mememan, chaotic male elven Wizard ---------- ----------- |.......^| |.........| #-........| |........<| #####|........| --------- |.........|### ------------- #####........>| |.......| |..........##### |?.........?| (######-|-------- |........ ----------- ### |.....*.@...| ### # ######## |.....^.| # |...-.---@..| # ### # -----.--- ###|...|.{ |...|### # ### #/ #|..`|{.{|(...# ## # # #|...|.{.|...| # ---.-- ### ##....-----...|#########%######+....| # # |.....`.....|( # |....| ## .`...%.....!|# ##.....| -.----- -------------# |....| |......#######################)####### ------ |.^...| ------- Mememan the Thaumaturge Experience level: 8 Strength: 8 Dexterity: 13 Constitution: 16 Intelligence: 20 Wisdom: 13 Charisma: 12 Health: 0(67) Energy: 8(120) AC: 5 Gold: 424 Moves: 5603 Your Inventory: Coins $ - 424 gold pieces Weapons a - a blessed +1 quarterstaff I - an [uncursed +0] long sword [of searching] named searching? (weapon in hand) S - 9 [uncursed +0] darts Armor b - an uncursed +0 cloak of magic resistance (being worn) h - an uncursed +0 iron skull cap [orcish helm] (being worn) s - a [blessed] +0 pair of leather gloves (being worn) C - an [uncursed] +0 pair of elven boots (being worn) W - an [uncursed +0] coarse mantelet [of brilliance and displacement (orcish cloak)] Comestibles y - an [uncursed] food ration T - an [uncursed stale black naga] egg X - an [uncursed] fortune cookie Y - an [uncursed] pancake Scrolls i - an uncursed scroll of food detection j - an uncursed scroll of confuse monster k - an uncursed scroll of enchant weapon p - a [blessed] scroll of enchant weapon Spellbooks l - a blessed spellbook of force bolt m - an uncursed spellbook of detect food K - an [uncursed] spellbook of protection V - an [uncursed] spellbook of cone of cold Rings d - an uncursed ring of polymorph control e - an uncursed ring of warning Wands c - an uncursed wand of digging (0:5) Tools n - an uncursed magic marker (0:78) o - an uncursed tooled horn w - an [uncursed] tin opener R - an [uncursed] tin whistle U - an [uncursed] bag [oilskin sack] Gems t - an [uncursed] red gem [ruby] x - 2 [uncursed] white gems [worthless glass] E - an [uncursed] yellowish brown gem [worthless glass] G - 3 [uncursed] blue gems [worthless glass] H - an [uncursed] violet gem [worthless glass] M - an [uncursed] white gem [diamond] N - an [uncursed] black gem [jet] O - an [uncursed] black gem [worthless glass] P - an [uncursed] gray stone [luckstone] Spells known in the end: Name Level Category Fail Memory a - force bolt 1 attack 0% [||||||..] b - detect food 2 divination 48% [||||||..] c - protection 1 clerical 0% [|||||||.] d - cone of cold 4 attack 0% [|||||||.] Your skills at the end: Fighting Skills Weapon Skills quarterstaff [Skilled / Expert] Spellcasting Skills attack spells [Skilled / Expert] enchantment spells [Basic / Skilled] clerical spells [Basic / Skilled] Final Attributes: You were piously aligned. Hunger level was 870. Your alignment was 37 / 38. Monster difficulty range was 0 - 6. Level difficulty was 5. You were immune to sleep. You resisted electricity. You were magic-protected. You were hallucinating. You saw invisible. You had automatic searching. You had infravision. You were stealthy. You were lucky (4). You had extra luck. Bad luck did not time out for you. Good luck did not time out for you. You are dead. Vanquished creatures: 2 small mimics 2 tengu a giant beetle a dwarf mummy a brown pudding a werewolf 2 chickatrices a dog 2 dingos a dwarf lord a gnome mummy 2 snakes 4 human zombies a bugbear 8 Uruk-hai 5 enormous rats 2 rock moles a violet fungus 6 gnome lords 2 gnomish wizards a kobold mummy a red naga hatchling a barrow wight a ghoul 3 giant ants a floating eye 3 kittens 5 dwarves 7 hill orcs 5 rothes a giant bat an orc zombie a werejackal 2 iguanas an acid blob 3 coyotes 5 hobbits 3 manes 3 large kobolds a hobgoblin 2 giant rats a yellow mold a green mold a red mold 28 gnomes 4 geckos 3 jackals 2 foxes a goblin 6 grid bugs 2 bats 2 lichens a kobold zombie 5 newts and a partridge in a pear tree 154 creatures vanquished. Voluntary challenges: You used a wielded weapon 164 times. You read items or engraved 29 times. You put on armor 15 times. You never genocided any monsters. You never polymorphed an object. You never changed form. You used no wishes. You wrote Elbereth's name 13 times. You encountered 1 bones level. You never used any Sokoban shortcuts. Dungeon overview: The Dungeons of Doom: levels 1 to 5 Level 1 a sink a long staircase Level 2 a wand shop, a fountain Level 4 an armor shop stairs to The Gnomish Mines Level 5 <- You were here many fountains The Gnomish Mines: levels 5 to 8 Level 5 stairs to The Dungeons of Doom Level 7 some shops, a temple to Anhur, a magic chest, some fountains History has recorded: On T:1 you entered the Dungeons of Doom to retrieve the Amulet of Yendor! On T:277 you reached level 2 of The Dungeons of Doom. On T:548 you advanced to experience level 2. On T:570 you advanced to experience level 3. On T:781 you reached level 3 of The Dungeons of Doom. On T:1148 you reached level 4 of The Dungeons of Doom. On T:1315 you advanced to experience level 4. On T:1325 you advanced to experience level 5. On T:1401 you reached level 1 of The Gnomish Mines. On T:1463 you advanced to experience level 6. On T:2013 you advanced to experience level 7. On T:2023 you reached level 2 of The Gnomish Mines. On T:2546 you advanced to experience level 8. On T:3563 you reached level 3 of The Gnomish Mines. On T:4193 you reached level 4 of The Gnomish Mines. On T:4881 you reached level 5 of The Dungeons of Doom. Latest messages: The straw golem misses. [HP-3=38] You miss the earth elemental. The bluebird of happiness swings her crossbow. The Green-elf hits! The liger kicks! [HP-14=24] The spell hits the first category perpetual motion device! The gecko swings her crossbow. The dog hits! The tatzelwurm kicks! The one-eyed one-horned flying purple people eater swings her crossbow. The acute blob hits! The flamingo sphere kicks! [HP-19=5] The captain swings her crossbow. The sleazoid hits! The water elemental kicks! You die... The oilskin sack is empty. Final status: Goodbye Mememan the Wizard... You died in The Dungeons of Doom on dungeon level 5 with 6586 points, and 424 pieces of gold, after 5603 moves. You were level 8 with a maximum of 67 hit points when you died.